 Dungeon Crawl Stone Soup version 0.27.1-34-g3ba077fa99 (webtiles) character file.

Game seed: 4739425106785336660

71 zeram the Sneak (level 4, -3/26 (27) HPs)
             Began as an Octopode Enchanter on Jan 2, 2022.
             Killed from afar by an orc wizard (5 damage)
             ... with a magic dart
             ... on level 3 of the Dungeon.
             The game lasted 00:03:16 (2358 turns).

zeram the Sneak (Octopode Enchanter)                Turns: 2358, Time: 00:03:17

HP:   -3/26 (27)    AC:  1    Str:  7    XL:     4   Next: 24%
MP:   7/7           EV: 13    Int: 18    God:
Gold: 100           SH:  0    Dex: 12    Spells: 1/7 levels left

rFire    . . .     SeeInvis .   a - +2 dagger
rCold    . . .     Faith    .   (no shield)
rNeg     . . .     Spirit   .   (helmet restricted)
rPois    .         Reflect  .   (no amulet)
rElec    .         Harm     .   (no ring)
rCorr    .         Rampage  .   (no ring)
Will     .....                  (no ring)
Stlth    ++++......             (no ring)
HPRegen  0.08/turn              (no ring)
MPRegen  0.10/turn              (no ring)
                                (no ring)
                                (no ring)

@: hasted, lightly drained, very quick
A: almost no armour, amphibious, 8 rings, camouflage 1, gelatinous body 1,
(nimble swimmer 1), tentacles
a: no special abilities


You were on level 3 of the Dungeon.
You visited 1 branch of the dungeon, and saw 3 of its levels.

You collected 100 gold pieces.

Inventory:

Hand Weapons
 a - a +2 dagger (weapon)
Jewellery
 d - an amulet of reflection
Scrolls
 b - a scroll of teleportation
Potions
 e - a potion of flight


   Skills:
 - Level 1.0 Short Blades
 - Level 2.0 Dodging
 + Level 7.0 Stealth
 - Level 2.0 Spellcasting
 - Level 3.0 Hexes


You had one spell level left.
You knew the following spells:

 Your Spells              Type           Power      Damage    Failure   Level
a - Corona                Hex            13%        N/A       5%          1
b - Ensorcelled Hibernat  Hex/Ice        14%        N/A       14%         2
c - Tukima's Dance        Hex            12%        N/A       16%         3

Your spell library contained the following spells:

 Spells                   Type           Power      Damage    Failure   Level
 Slow                     Hex            12%        N/A       8%          2
 Confusing Touch          Hex            12%        N/A       16%         3
 Dazzling Flash           Conj/Hex       14%        N/A       28%         3
 Vampiric Draining        Necr           0%         2d6       47%         3


Dungeon Overview and Level Annotations

Branches:
Dungeon (3/15)

Altars:
Zin


Innate Abilities, Weirdness & Mutations

You cannot wear most types of armour.
You are amphibious.
You can wear up to eight rings at the same time.
Your skin changes colour to match your surroundings (Stealth+).
Your rubbery body absorbs attacks. (AC +1, EV +1)
((You are camouflaged near water. (Stealth+)))
You have tentacles for arms and can constrict up to eight enemies at once.


Message History

The orc is moderately wounded.
You constrict the orc. The orc hits you with a +0 club.
The orc barely misses you.
You hit the orc.
The orc is severely wounded.
You constrict the orc.
You kill the orc!
The orc hits you with a +0 club.
You hit the orc but do no damage. Your grab misses the orc.
The orc hits you with a +0 club.
You hear some strange, mumbled words.
Something tries to affect you, but you resist.
You hit the orc but do no damage. Your grab misses the orc.
You squeeze the orc.
The orc is heavily wounded.
The orc barely misses you. Something barely misses you.
Unknown command.
You closely miss the orc. You grab the orc.
The orc is moderately wounded.
You constrict the orc, but do no damage.
The orc hits you but does no damage. Something hits you.
You feel drained.
You hit the orc but do no damage. You squeeze the orc.
You kill the orc!
You hear some strange, mumbled words.
A magic dart appears from out of thin air!
The magic dart hits you!
* * * LOW HITPOINT WARNING * * *
Your Stealth skill increases to level 7!
You feel yourself speed up.
You hear some strange, mumbled words.
A magic dart appears from out of thin air!
The magic dart hits you.
* * * LOW HITPOINT WARNING * * *
There is a stone staircase leading down here.
Unknown command.
Things that are here:
a +0 club; a +0 scale mail A magic dart appears from out of thin air!
The magic dart hits you.
You die...

######### #.......#
#.#####.######## #.#............#
#.#.#..........# #.#.#.....@..(.#
#######.#.#....>))...#
........#)#..........#
#########.##.........#####
.........................#
#########.##.#####.......########
########...#{# #.........)....#
...........).############.......#
###########....{..# #.......#


There were no monsters in sight!

Vanquished Creatures
  2 adders (D:2)
  4 orcs (D:3)
  3 ball pythons
  2 bats
  7 endoplasms
  2 giant cockroaches (D:1)
  5 goblins
  4 hobgoblins
  2 quokkas (D:2)
  2 frilled lizards
  8 kobolds
  3 rats
44 creatures vanquished.

Vanquished Creatures (others)
  5 plants (D:3)
5 creatures vanquished.

Grand Total: 49 creatures vanquished

Notes
Turn   | Place    | Note
-------+----------+-------------------------------------------
     0 | D:1      | zeram the Octopode Enchanter began the quest for the Orb.
     0 | D:1      | Reached XP level 1. HP: 11/11 MP: 3/3
    49 | D:1      | Found a faded altar of an unknown god.
   198 | D:1      | Reached XP level 2. HP: 13/17 MP: 5/5
   215 | D:1      | Reached skill level 5 in Stealth
  1057 | D:2      | Reached XP level 3. HP: 5/21 MP: 6/6
  1060 | D:2      | Learned a level 2 spell: Ensorcelled Hibernation
  1064 | D:2      | Learned a level 3 spell: Tukima's Dance
  1545 | D:2      | Found a glowing silver altar of Zin.
  1565 | D:2      | Reached skill level 6 in Stealth
  1815 | D:2      | Reached XP level 4. HP: 27/27 MP: 7/7
  2329 | D:3      | Reached skill level 7 in Stealth
  2329 | D:3      | HP: 1/26 [something/magic dart (5)]
  2358 | D:3      | Killed from afar by an orc wizard

Illustrated notes

Levels and vault maps discovered:
D:1:      arrival_zaba_pyramid, layout_rooms, ebering_ecumenical_altar_hall
D:2:      layout_loops_ring, basic_altar
D:3:      layout_basic, nicolae_hepliaklqana_hazy_memory,
          kennysheep_small_spiral, uniq_terence

Skill      XL: |  1  2  3  4 |
---------------+-------------+-----
Stealth        | 5 6 7 |  7.0
Short Blades   | |  1.0
Dodging        | |  2.0
Spellcasting   | |  2.0
Hexes          | |  3.0

Action                   |  1- 3 |  4- 6 || total
-------------------------+-------+-------++-------
Melee: Dagger            |    68 |    31 ||    99
       Constrict         |    10 |     5 ||    15
       Tentacles         |     9 |     2 ||    11
  Use: Scroll            |     4 |     1 ||     5
       Potion            |       |     1 ||     1
 Stab: Sleeping          |    16 |     3 ||    19
Armor: Skin              |     4 |     1 ||     5
Dodge: Dodged            |    21 |    18 ||    39
